 Dungeon Crawl Stone Soup version 0.29-a0-1006-g0dd7720b37 (webtiles) character file.

Game seed: 9035434281151749647

130636 Ajdolov the Fencer (level 17, 0/140 HPs)
             Began as a Ghoul Gladiator on Aug 6, 2022.
             Was a High Priest of Okawaru.
             Slain by a steelbarb worm (10 damage)
             ... on level 2 of the Spider Nest.
             The game lasted 01:03:06 (37514 turns).

Ajdolov the Fencer (Ghoul Gladiator)               Turns: 37514, Time: 01:03:07

Health: 0/140      AC: 29    Str: 20    XL:     17   Next: 8%
Magic:  0/25       EV: 16    Int:  8    God:    Okawaru [*****.]
Gold:   2903       SH:  0    Dex: 19    Spells: 16/16 levels left

rFire   + . .      SeeInvis .   U - +0 triple sword (protect)
rCold   + . .      Faith    .   (shield currently unavailable)
rNeg    + + +      Spirit   +   v - +3 scale mail "Xaol" {Will+ Int+5 Dex+3}
rPois   ∞          Reflect  .   R - +2 hood of the Assassin {Detection Stab+ Stlth++}
rElec   .          Harm     .   L - +2 cloak
rCorr   .          Rampage  .   A - +1 pair of gloves
Will    ++...                   O - +1 pair of boots
Stlth   ++++......              I - amulet of guardian spirit
HPRegen 0.00/turn               K - ring of flight
MPRegen 0.19/turn               T - ring of protection from fire

@: spiked, under a protective aura, flying, inhibited regen
A: claws 1, cold resistance 1, negative energy resistance 3, inhibited
regeneration, torment resistance 2, devour on kill
a: Renounce Religion, Heroism, Finesse, Duel


You were on level 2 of the Spider Nest.
You worshipped Okawaru.
Okawaru was extremely pleased with you.
You visited 5 branches of the dungeon, and saw 25 of its levels.
You also visited: Gauntlet, Ice Cave and Volcano.

You collected 3367 gold pieces.
You spent 464 gold pieces at shops.

Inventory:

Hand Weapons
 F - the +7 demon blade of Terra Cotta {flame, Will+}
   (You acquired it on level 14 of the Dungeon)

   It burns those it strikes, dealing additional fire damage.
   Big, fiery blades are also staple armaments of hydra-hunters.
   Will:      It increases your willpower.
 U - a +0 triple sword of protection (weapon)
Missiles
 d - 3 throwing nets
 e - 24 javelins
 j - a boomerang of dispersal
 k - 9 boomerangs (quivered)
 N - 5 curare-tipped darts
Armour
 t - a +2 kite shield
 v - the +3 scale mail "Xaol" (worn) {Will+ Int+5 Dex+3}
   (Okawaru gifted it to you on level 3 of the Lair of Beasts)

   Int:       It affects your intelligence (+5).
   Dex:       It affects your dexterity (+3).
   Will:      It increases your willpower.
 A - a +1 pair of gloves (worn)
 L - a +2 cloak (worn)
 O - a +1 pair of boots (worn)
 R - the +2 hood of the Assassin (worn) {Detection Stab+ Stlth++}
   (You found it in a volcano)

   It allows the wearer to sense nearby creatures.
   It allows the wearer to make particularly effective stabbing attacks against
   helpless or unaware enemies with any weapon.
   Stlth:     It makes you much more stealthy.
Jewellery
 n - a ring of fire
 y - a ring of ice
 I - an amulet of guardian spirit (around neck)
 K - a ring of flight (left hand)
 T - a ring of protection from fire (right hand)
Wands
 r - a wand of light (9)
 s - a wand of flame (46)
 D - a wand of roots (8)
 G - a wand of polymorph (5)
 P - a wand of mindburst (26)
Scrolls
 b - 6 scrolls of immolation
 f - 4 scrolls of enchant weapon
 h - 3 scrolls of fog
 m - a scroll of torment
 u - 5 scrolls of blinking
 x - 6 scrolls of vulnerability
 B - 4 scrolls of noise
 C - 5 scrolls of teleportation
 E - a scroll of silence
 M - a scroll of fear
 V - a scroll of enchant armour
Potions
 a - a potion of magic {unknown}
 g - 6 potions of flight
 i - 3 potions of cancellation {unknown}
 l - 5 potions of haste
 o - 4 potions of might
 p - 5 potions of brilliance
 w - 3 potions of attraction
 z - a potion of heal wounds
 H - 3 potions of curing
 Q - 2 potions of resistance {unknown}
 S - a potion of invisibility {unknown}
Miscellaneous
 J - a lightning rod (4/4)
 W - a phial of floods


   Skills:
 - Level 10.0 Fighting
 * Level 16.4 Long Blades
 - Level 12.0 Throwing
 - Level 10.0 Armour
 - Level 10.0 Dodging
 - Level 6.0 Stealth
 - Level 12.0 Invocations
 - Level 5.0 Evocations


You had 16 spell levels left.
You didn't know any spells.
Your spell library contained the following spells:

 Spells                   Type           Power      Damage    Failure   Level
 Apportation              Tloc           0%         N/A       71%         1
 Magic Dart               Conj           0%         1d3       71%         1
 Necrotise                Necr           0%         1d4       71%         1
 Sandblast                Erth           0%         2d4       71%         1
 Blink                    Tloc           0%         N/A       83%         2
 Passwall                 Tmut/Erth      0%         N/A       83%         2
 Searing Ray              Conj           0%         2d4       83%         2
 Inner Flame              Hex/Fire       0%         N/A       97%         3
 Lesser Beckoning         Tloc           0%         N/A       97%         3
 Stone Arrow              Conj/Erth      0%         3d7       97%         3
 Cause Fear               Hex            0%         N/A       100%        4
 Fulminant Prism          Conj/Hex       0%         3d6       100%        4
 Hailstorm                Conj/Ice       0%         3d3       100%        4
 Petrify                  Tmut/Erth      0%         N/A       100%        4
 Alistair's Intoxication  Tmut/Pois      0%         N/A       100%        5
 Borgnjor's Vile Clutch   Necr/Erth      0%         N/A       100%        5
 Manifold Assault         Tloc           0%         N/A       100%        5
 Metabolic Englaciation   Hex/Ice        0%         N/A       100%        5
 Eringya's Noxious Bog    Tmut/Pois      0%         N/A       100%        6
 Iron Shot                Conj/Erth      0%         9d1       100%        6
 Discord                  Hex            0%         N/A       100%        8
 Summon Small Mammal      Summ           Unusable   N/A       N/A         1
 Animate Armour           Summ/Erth      Unusable   N/A       N/A         4
 Ice Form                 Ice/Tmut       Unusable   N/A       N/A         4
 Blade Hands              Tmut           Unusable   N/A       N/A         5
 Simulacrum               Ice/Necr       Unusable   N/A       N/A         6
 Statue Form              Tmut/Erth      Unusable   N/A       N/A         6
 Storm Form               Tmut/Air       Unusable   N/A       N/A         7

Dungeon Overview and Level Annotations

Branches:
Dungeon (15/15)            Temple (1/1) D:7            Lair (5/5) D:11
 Shoals (0/4) Lair:2       Spider (2/4) Lair:3        Slime (0/5) Lair:5
    Orc (2/2) D:12            Elf (0/3) Orc:2        Vaults (0/5) D:14
 Depths (0/4) D:15          IceCv (visited)         Volcano (visited)
Gauntlet (visited)

Altars:
Ashenzari
Cheibriados
Dithmenos
Fedhas
Gozag
Hepliaklqana
Makhleb
Nemelex Xobeh
Okawaru
Qazlal
Ru
Sif Muna
Trog
Vehumet
Wu Jian
Xom
Jiyva

Shops:
D:5 *   Orc:1 !   Orc:2 ([=

Portals:
Hell: Lair:5

Annotations:
D:2 1 runed translucent door, Crazy Yiuf
D:6 3 runed translucent doors, Jano's ghost, novice FoFi
D:7 3 runed translucent doors, paps's ghost, novice TrBe
D:13 Rupert
D:15 Roxanne
Lair:4 exclusion: oklob plant


Innate Abilities, Weirdness & Mutations

You are immune to poison.
You have sharp fingernails.
Your flesh is cold resistant. (rC+)
You are immune to negative energy. (rN+++)
You do not regenerate when monsters are visible.
You are immune to unholy pain and torment.
You thrive by killing the living.


Message History

Your weapon exudes an aura of protection.
The redback is heavily wounded.
The redback closely misses you. The steelbarb worm closely misses you.
The redback barely misses you.
The redback bites you but does no damage.
The steelbarb worm misses you.
You slice the redback like a ripe choko!!!
You kill the redback!
Okawaru accepts your kill.
The redback bites you but does no damage.
The steelbarb worm hits you but does no damage.
You closely miss the redback.
The redback bites you but does no damage.
The steelbarb worm misses you.
The redback bites you but does no damage.
Unknown command.
You feel better.
The redback bites you but does no damage.
The steelbarb worm closely misses you.
You hit the redback but do no damage. The redback barely misses you.
The steelbarb worm hits you but does no damage.
The redback bites you but does no damage.
You miss the redback. The steelbarb worm closely misses you.
The redback completely misses you.
You barely miss the redback. The redback bites you.
* * * LOW HITPOINT WARNING * * *
The steelbarb worm hits you.
* * * LOW HITPOINT WARNING * * *
Barbed spikes become lodged in your body.
The redback closely misses you.
There's nothing to close nearby.
Unknown command.
Throw: 2 boomerangs (disperse)
Press: ? - help, Shift-Dir - straight line, f - steelbarb worm
Aim: a steelbarb worm (severely wounded, 79% to hit)
You throw a boomerang of dispersal.
The boomerang of dispersal hits the steelbarb worm but does no damage.
The steelbarb worm is severely wounded.
The steelbarb worm hits you!
You die...

.#.# #)#.. ...# .....
...##..##. ~... ss ....#
.........##..# #...
#.##..##^......^.#..## .#..#
#~~.......######~#.^. ....#
#####..#...#..#.#..###.....
#.......##^^#.......#...^.##
#....s#$#.s####....##....##.
###..^###..@.##.......####..
..{#{#...#.w#..^##...##...#
....###...##.....####......#
.{{ #.†...#...#.....#...#...
.# #.††#.#...#.#..##.#.#<#.
####†..~≈###.###...###~####
#....†###.{####...##..~## #
#...#†(...## .....^^##≈##
#..##......# {.#.#...##≈≈#


You could see a steelbarb worm and a redback.

Vanquished Creatures
  2 emperor scorpions
  An orc warlord (Orc:1)
  A broodmother (Spider:1)
  A dire elephant (D:15)
  A spark wasp (Spider:2)
  Snorg (D:12)
  A minotaur (Gauntlet)
  An ettin (Orc:2)
  A fire dragon (Volcano)
  Fannar (Orc:1)
  A vault guard (D:14)
  8 hydras
  Erolcha (D:11)
  7 centaur warriors
  4 boulder beetles
  Erica (Orc:1)
  2 catoblepae
  4 ogre magi
  A death knight (D:14)
  A jorogumo (Spider:2)
  2 death scarabs (Gauntlet)
  25 two-headed ogres
  A radroach (Spider:1)
  An orc high priest (Orc:2)
  2 pharaoh ants (Spider:1)
  9 skeletal warriors
  A sixfirhy (Lair:5)
  A spectral catoblepas (Gauntlet)
  2 orb spiders
  A spectral hydra (Gauntlet)
  3 steelbarb worms
  A phantasmal warrior (D:13)
  2 wizards
  2 deep elf pyromancers (D:13)
  8 ugly things
  3 orc sorcerers
  5 wolf spiders
  2 wolf spider zombies (D:14)
  4 salamanders
  5 slime creatures (D:14)
  6 cyclopes
  2 manticores
  22 elephants
  Maurice (D:9)
  5 centaur zombies (D:14)
  2 black mambas
  A torpor snail (Spider:1)
  2 large abominations (Gauntlet)
  6 cane toads
  A gargoyle (D:10)
  2 freezing wraiths
  11 rime drakes
  A demonic crawler (Spider:2)
  13 komodo dragons
  A kobold demonologist (D:11)
  A hellwing (Lair:5)
  A tengu conjurer (D:13)
  7 trolls
  4 ice devils
  2 red devils (Lair:5)
  4 meliai
  3 merfolk
  A polar bear (Lair:5)
  16 tarantellas
  A hornet (D:10)
  19 blink frogs
  A jumping spider (shapeshifter) (D:15)
  8 culicivoras
  9 jumping spiders
  4 wraiths
  3 vampires (D:14)
  12 wyverns
  9 fire bats (Volcano)
  A shadow (D:14)
  A spectral komodo dragon (Gauntlet)
  8 vampire mosquitoes
  29 yaks
  7 basilisks
  8 steam dragons
  15 redbacks
  7 wargs
  2 acid dragons
  4 hell hounds (Lair:5)
  12 water moccasins
  A spectral torpor snail (Gauntlet)
  3 small abominations (Gauntlet)
  3 black bears
  18 orc warriors
  4 sky beasts
  7 boggarts (D:15)
  30 ogres
  10 wolves
  19 centaurs
  5 kobold brigands
  Blork the orc (D:5)
  A gnoll sergeant (D:10)
  6 necrophages
  10 bullfrogs
  3 scorpions
  19 killer bees
  6 howler monkeys
  15 orc priests
  A hound (D:5)
  2 jellies
  3 gnoll boudas
  A boggart zombie (D:14)
  7 iguanas
  Natasha (D:2)
  7 hell rats (Lair:3)
  13 orc wizards
  A polar bear simulacrum (IceCv)
  A spriggan simulacrum (IceCv)
  A troll simulacrum (IceCv)
  A wolf simulacrum (IceCv)
  24 gnolls
  3 adders
  3 white imps
  4 ufetubi
  2 dart slugs
  52 orcs
  8 endoplasms
  4 giant cockroaches
  4 goblins
  7 hobgoblins
  14 jackals
  8 quokkas
  4 ball pythons
  4 bats
  A frilled lizard (D:3)
  15 kobolds
  7 rats
760 creatures vanquished.

Vanquished Creatures (others)
  2 orc wizards
  5 kobolds (D:8)
  46 fungi
  102 plants
  A withered plant (D:14)
156 creatures vanquished.

Grand Total: 916 creatures vanquished

Notes
Turn   | Place    | Note
-------+----------+-------------------------------------------
     0 | D:1      | Ajdolov the Ghoul Gladiator began the quest for the Orb.
     0 | D:1      | Reached XP level 1. HP: 17/17 MP: 0/0
   119 | D:1      | Reached skill level 3 in Long Blades
   297 | D:1      | Reached XP level 2. HP: 24/24 MP: 1/1
   729 | D:1      | Found a faded altar of an unknown god.
   739 | D:1      | Reached XP level 3. HP: 29/29 MP: 2/2
  1498 | D:2      | Reached skill level 4 in Long Blades
  2104 | D:2      | Found a runed translucent door.
  2105 | D:2      | Noticed Crazy Yiuf
  2214 | D:2      | Noticed Natasha
  2221 | D:2      | Killed Natasha
  2222 | D:2      | Reached XP level 4. HP: 31/36 MP: 3/3
  2697 | D:3      | Reached skill level 5 in Long Blades
  2706 | D:3      | Reached XP level 5. HP: 30/41 MP: 4/4
  3678 | D:4      | Reached skill level 6 in Long Blades
  3678 | D:4      | Reached XP level 6. HP: 48/48 MP: 5/5
  4202 | D:5      | Entered Level 5 of the Dungeon
  4283 | D:5      | Found Nosuufy's General Store.
  4306 | D:5      | Bought a potion of curing for 30 gold pieces
  4306 | D:5      | Bought a +1 leather armour of fire resistance for 140 gold
                  | pieces
  4336 | D:5      | Noticed Blork the orc
  4347 | D:5      | Killed Blork the orc
  4400 | D:5      | Noticed a steam dragon
  4440 | D:5      | Killed a steam dragon
  4441 | D:5      | Reached skill level 7 in Long Blades
  4441 | D:5      | Reached XP level 7. HP: 38/55 MP: 6/6
  4512 | D:5      | Noticed a steam dragon
  4538 | D:5      | Killed a steam dragon
  4887 | D:4      | Reached skill level 8 in Long Blades
  5571 | D:5      | Reached XP level 8. HP: 32/61 MP: 7/7
  6184 | D:5      | Reached skill level 9 in Long Blades
  6663 | D:5      | Reached skill level 10 in Long Blades
  7154 | D:6      | Identified the +8 falchion "Ghoul's Death" {freeze, Int+3
                  | Dex+4}
  7293 | D:6      | Reached XP level 9. HP: 49/67 MP: 8/8
  7751 | D:6      | Reached skill level 11 in Long Blades
  7791 | D:6      | Found a runed translucent gate.
  7791 | D:6      | Noticed Jano's ghost (novice FoFi)
  7792 | D:6      | Found a runed translucent gate.
  7793 | D:6      | Found a runed translucent gate.
  7795 | D:6      | Identified the +9 plate armour of Impatience {Str+7 Stlth+}
  8203 | D:7      | Noticed paps's ghost (novice TrBe)
  8250 | D:7      | Found a runed translucent gate.
  8250 | D:7      | Found a runed translucent gate.
  8250 | D:7      | Found a runed translucent gate.
  8448 | D:7      | Found a staircase to the Ecumenical Temple.
  8456 | Temple   | Entered the Ecumenical Temple
  8606 | Temple   | Became a worshipper of Warmaster Okawaru
  8715 | D:7      | Found a shadowy altar of Dithmenos.
  8723 | D:7      | Reached skill level 12 in Long Blades
  9532 | D:8      | Reached * piety under Okawaru
  9541 | D:8      | Reached XP level 10. HP: 73/73 MP: 9/9
  9714 | D:8      | Reached skill level 13 in Long Blades
  9907 | D:8      | Reached skill level 1 in Invocations
 10061 | D:9      | Found a radiant altar of Vehumet.
 10388 | D:9      | Reached ** piety under Okawaru
 10497 | D:9      | Noticed a two-headed ogre
 10506 | D:9      | Killed a two-headed ogre
 10585 | D:9      | Noticed Maurice
 10596 | D:9      | Killed Maurice
 10596 | D:9      | Reached *** piety under Okawaru
 10597 | D:9      | Reached skill level 14 in Long Blades
 11200 | D:10     | Entered Level 10 of the Dungeon
 11221 | D:9      | Reached skill level 5 in Invocations
 11917 | D:10     | Reached skill level 5 in Fighting
 11917 | D:10     | Reached XP level 11. HP: 86/86 MP: 10/13
 12215 | D:10     | Reached **** piety under Okawaru
 12913 | D:11     | Noticed a two-headed ogre
 12943 | D:11     | Killed a two-headed ogre
 13121 | D:11     | Found a staircase to the Lair.
 13167 | D:11     | Noticed a two-headed ogre
 13173 | D:11     | Killed a two-headed ogre
 13173 | D:11     | Reached ***** piety under Okawaru
 13286 | D:11     | Noticed a two-headed ogre
 13301 | D:11     | Killed a two-headed ogre
 13472 | D:11     | Noticed a cyclops
 13492 | D:11     | Killed a cyclops
 13493 | D:11     | Reached skill level 10 in Fighting
 13814 | D:11     | Noticed a two-headed ogre
 13820 | D:11     | Killed a two-headed ogre
 14075 | Lair:1   | Entered Level 1 of the Lair of Beasts
 14092 | Lair:1   | Reached skill level 5 in Dodging
 14346 | Lair:1   | Received a gift from Okawaru
 14347 | Lair:1   | Reached XP level 12. HP: 106/106 MP: 14/14
 14518 | Lair:1   | Received a gift from Okawaru
 14998 | Lair:2   | Noticed an eight-headed hydra
 15097 | Lair:2   | Killed an eight-headed hydra
 15513 | Lair:2   | Reached skill level 1 in Evocations
 15784 | Lair:2   | Received a gift from Okawaru
 16530 | Lair:2   | Found a staircase to the Shoals.
 16818 | Lair:3   | Found a frozen archway.
 16823 | Lair:3   | Reached skill level 5 in Evocations
 16861 | IceCv    | Entered an ice cave
 16918 | Lair:3   | Identified the +8 scimitar of Destiny {freeze, Dex+3
                  | Stlth+} (Okawaru gifted it to you on level 3 of the Lair of
                  | Beasts)
 16918 | Lair:3   | Received a gift from Okawaru
 17424 | Lair:3   | Reached skill level 5 in Throwing
 17452 | Lair:3   | Noticed a boulder beetle
 17850 | Lair:3   | Found a hole to the Spider Nest.
 17896 | Lair:3   | Reached XP level 13. HP: 65/113 MP: 6/15
 17957 | Lair:3   | Identified the +3 scale mail "Xaol" {Will+ Int+5 Dex+3}
                  | (Okawaru gifted it to you on level 3 of the Lair of Beasts)
 17957 | Lair:3   | Received a gift from Okawaru
 18943 | Lair:4   | Reached ****** piety under Okawaru
 20646 | Lair:4   | Identified a scroll of acquirement
 20686 | Lair:5   | Entered Level 5 of the Lair of Beasts
 20686 | Lair:5   | Found a viscous altar of Jiyva.
 20686 | Lair:5   | Found a staircase to the Slime Pits.
 20830 | Lair:5   | Received a gift from Okawaru
 20866 | Lair:5   | Reached skill level 10 in Dodging
 20991 | Lair:5   | Reached skill level 10 in Throwing
 21052 | Lair:5   | Reached XP level 14. HP: 103/121 MP: 13/16
 21321 | Lair:5   | Found a burning altar of Makhleb.
 21939 | Lair:5   | Identified the +4 falchion of Tomorrow {vorpal, Str+3
                  | Int+2} (Okawaru gifted it to you on level 5 of the Lair of
                  | Beasts)
 21939 | Lair:5   | Received a gift from Okawaru
 22278 | Lair:5   | Found the +8 lance "Wyrmbane" {slay drac, rPois rF+ rC+
                  | AC+3}
 23023 | Lair:5   | Found a gateway to Hell.
 24436 | D:12     | Found a staircase to the Orcish Mines.
 24496 | Orc:1    | Entered Level 1 of the Orcish Mines
 24534 | Orc:1    | Noticed Fannar
 24545 | Orc:1    | Killed Fannar
 24546 | Orc:1    | Noticed Erica
 24552 | Orc:1    | Killed Erica
 24886 | Orc:1    | Noticed an orc warlord
 24925 | Orc:1    | Killed an orc warlord
 24968 | Orc:1    | Found a dark tunnel.
 24970 | Orc:1    | Found Jirifaj's Distillery.
 24978 | Volcano  | Entered a volcano
 25077 | Volcano  | Identified the +1 hat "Locroac" {Harm rF++ Regen+} (Okawaru
                  | gifted it to you in a volcano)
 25077 | Volcano  | Received a gift from Okawaru
 25312 | Volcano  | Found the +2 hood of the Assassin {Detection Stab+ Stlth++}
 25593 | Volcano  | Reached skill level 10 in Invocations
 25672 | Volcano  | Reached skill level 1 in Armour
 25851 | Volcano  | Reached XP level 15. HP: 80/126 MP: 15/21
 26334 | Orc:1    | Bought a potion of curing for 42 gold pieces
 26334 | Orc:1    | Bought a potion of heal wounds for 70 gold pieces
 26334 | Orc:1    | Bought a potion of curing for 42 gold pieces
 26334 | Orc:1    | Bought a potion of ambrosia for 112 gold pieces
 26334 | Orc:1    | Bought 2 potions of degeneration for 28 gold pieces
 26532 | Orc:2    | Entered Level 2 of the Orcish Mines
 26785 | Orc:1    | Reached skill level 5 in Armour
 27094 | Orc:1    | Identified the +6 glaive "Nobekhur" {flame, rPois Will+
                  | SInv} (Okawaru gifted it to you on level 1 of the Orcish
                  | Mines)
 27094 | Orc:1    | Received a gift from Okawaru
 27552 | Orc:2    | Paralysed by an orc sorcerer for 4 turns
 28057 | Orc:2    | Found Foumiol's Antique Weapon Shoppe.
 28057 | Orc:2    | Found Rigemai's Weapon Shop.
 28057 | Orc:2    | Found Ymalairr's Jewellery Boutique.
 28057 | Orc:2    | Found Vutunat's Antique Armour Shoppe.
 28224 | Orc:2    | Found a staircase to the Elven Halls.
 28490 | D:13     | Noticed Snorg
 28515 | D:12     | Killed Snorg
 28874 | D:13     | Received a gift from Okawaru
 29239 | D:13     | Noticed Rupert
 30530 | D:14     | Reached skill level 1 in Stealth
 30549 | D:14     | Found a gate to the Vaults.
 30824 | D:14     | Received a gift from Okawaru
 30943 | D:14     | Reached XP level 16. HP: 88/134 MP: 21/24
 31392 | D:14     | Reached skill level 5 in Stealth
 32174 | D:15     | Entered Level 15 of the Dungeon
 32174 | D:15     | Found a gate leading to a gauntlet.
 32192 | D:14     | Identified the +0 robe of Pantheism {rCorr Int+2} (Okawaru
                  | gifted it to you on level 14 of the Dungeon)
 32192 | D:14     | Received a gift from Okawaru
 32253 | Gauntlet | Entered a Gauntlet
 32253 | Gauntlet | Found a transporter.
 32253 | Gauntlet | Found a transporter.
 32253 | Gauntlet | Found a transporter.
 32426 | Gauntlet | Found a transporter.
 32426 | Gauntlet | Found a large runed translucent door.
 32427 | Gauntlet | Found a large runed translucent door.
 32428 | Gauntlet | Found a large runed translucent door.
 32428 | Gauntlet | Found a large runed translucent door.
 32428 | Gauntlet | Found a runed translucent door.
 32429 | Gauntlet | Found a large runed translucent door.
 32430 | Gauntlet | Found a large runed translucent door.
 32431 | Gauntlet | Found a large runed translucent door.
 32431 | Gauntlet | Found a large runed translucent door.
 32432 | Gauntlet | Found a runed translucent gate.
 32436 | Gauntlet | Found a runed translucent gate.
 32436 | Gauntlet | Found a transporter.
 32436 | Gauntlet | Found a transporter.
 32436 | Gauntlet | Found a transporter.
 32437 | Gauntlet | Found a runed translucent door.
 32437 | Gauntlet | Found a runed translucent gate.
 32443 | Gauntlet | Found a large runed translucent door.
 32443 | Gauntlet | Found a large runed translucent door.
 32444 | Gauntlet | Found a large runed translucent door.
 32445 | Gauntlet | Found a large runed translucent door.
 32454 | Gauntlet | Found a large runed translucent door.
 32454 | Gauntlet | Found a large runed translucent door.
 32455 | Gauntlet | Found a large runed translucent door.
 32456 | Gauntlet | Found a large runed translucent door.
 32499 | Gauntlet | Found a transporter.
 32511 | Gauntlet | Found a transporter.
 32524 | Gauntlet | Found a transporter.
 32534 | Gauntlet | Found a transporter.
 32549 | Gauntlet | Found a transporter.
 32651 | Gauntlet | Identified the +0 cloak "Weubelog" {Rampage rN++ Str-2}
 33465 | D:14     | Acquired 576 gold pieces
 33468 | D:14     | Acquired the +7 demon blade of Terra Cotta {flame, Will+}
 34017 | D:15     | Reached skill level 15 in Long Blades
 34040 | D:15     | Noticed Roxanne
 34536 | D:15     | Found a staircase to the Depths.
 34908 | D:11     | Noticed Erolcha
 34923 | D:11     | Killed Erolcha
 35044 | Spider:1 | Entered Level 1 of the Spider Nest
 35621 | Spider:1 | Received a gift from Okawaru
 36366 | Spider:1 | Received a gift from Okawaru
 36908 | Spider:1 | Reached skill level 10 in Armour
 37025 | Spider:2 | Reached skill level 16 in Long Blades
 37277 | Arena    | Entered the Arena
 37322 | Spider:2 | Received a gift from Okawaru
 37323 | Spider:2 | Reached XP level 17. HP: 66/140 MP: 15/25
 37392 | Spider:2 | Received a gift from Okawaru
 37514 | Spider:2 | Slain by a steelbarb worm

Illustrated notes

Levels and vault maps discovered:
D:1:      amcnicky_arrival_wind_blow, layout_loops_corners,
          hellmonk_ecumenical_altar_dog_temple, minmay_misc_feat_room,
          roderic_lattice_a, grunt_decor_mini_mirrors, minmay_stone_trees_small,
          st_stairs_9, serial_park_tiny_1, feat_on_display
D:2:      layout_loops_cross, kennysheep_generic_room_15, uniq_natasha,
          uniq_crazy_yiuf_cottage
D:3:      layout_loops_cross, dk_noncrumbling_3, kennysheep_boxes
D:4:      cheibrodos_pilgrimage, layout_rooms
D:5:      kennysheep_steamy, layout_rooms, serial_shops, nicolae_stop_n_shop_1,
          uniq_blork_the_orc
D:6:      hangedman_cross_stitches, layout_basic, biasface_ghost_orc_armoury,
          gup_sewer_entry_bubbles, chequers_serial_rivers_micro_c
D:7:      layout_loops_ring, grunt_dithmenos_smoke,
          minmay_temple_entry_statues_fountains, gammafunk_ghost_icy,
          nicolae_concentric_dashed_squares_mild
D:8:      layout_basic
D:9:      layout_basic, mainiacjoe_overflow_small_starburst, amethyst_killhole,
          uniq_maurice
D:10:     layout_stronghold
D:11:     layout_roguey, minmay_lair_entry_grove, grunt_ministairs_14,
          uniq_erolcha
D:12:     layout_gridville, minmay_orc_entry_guard_dogs
D:13:     layout_irregular_city, dk_noncrumbling_2, uniq_rupert, uniq_snorg
D:14:     layout_loops_cross, david_vaults_5, serial_undead, serial_undead_c,
          serial_undead_e, serial_undead_d, serial_undead_f
D:15:     hangedman_depths_entry_try_elsewhere_first, layout_cave_pools,
          gauntlet_entry_generic, uniq_roxanne
Temple:   nicolae_temple_slightly_damp_pantheon
Lair:1:   layout_chaotic_city, lemuel_fruit_fields
Lair:2:   layout_small_grid, elwin_shoals_entry_rooms, roderic_carrion_pond
Lair:3:   layout_cave_pods, hellmonk_spider_entry_not_the_bees,
          portal_ice_cave_rime
Lair:4:   layout_cellular_growth, basic_altar
Lair:5:   evil_forest, layout_cave_pods, slime_entry_1
Spider:1: layout_spider_delve
Spider:2: layout_spider_delve
Orc:1:    layout_caves, enter_volcano_2, serial_shops,
          nicolae_shop_behind_doors, uniq_fannar, uniq_erica
Orc:2:    st_orc_ogre_mass, layout_caves, basic_altar

Skill      XL: |  1  2  3  4  5  6  7  8  9 10 11 12 13 14 15 16 |
---------------+-------------------------------------------------+-----
Long Blades    | 3 4 5 6 7 8 10 12 14 16 | 16.4
Invocations    | 5 10 12 | 12.0
Fighting       | 5 10 | 10.0
Dodging        | 5 8 10 | 10.0
Throwing       | 5 10 12 | 12.0
Evocations     | 5 |  5.0
Armour         | 2 8 10 | 10.0
Stealth        | 4 6 |  6.0

Action                   |  1- 3 |  4- 6 |  7- 9 | 10-12 | 13-15 | 16-18 || total
-------------------------+-------+-------+-------+-------+-------+-------++-------
Melee: Long sword        |    90 |       |       |       |       |       ||    90
       Short sword       |    44 |   142 |   268 |     7 |    18 |       ||   479
       Punch             |       |     1 |     2 |    13 |    17 |    12 ||    45
       Falchion          |       |       |   135 |   604 |       |       ||   739
       Scimitar          |       |       |       |    79 |  1122 |   210 ||  1411
       Demon blade       |       |       |       |       |       |   326 ||   326
       Triple sword      |       |       |       |       |       |   179 ||   179
Throw: Dart              |       |       |       |     3 |       |       ||     3
       Throwing net      |       |       |       |     2 |       |       ||     2
       Boomerang         |       |       |       |     9 |    23 |    10 ||    42
       Javelin           |       |       |       |       |    26 |     2 ||    28
Invok: Finesse           |       |       |       |     1 |     1 |    10 ||    12
       Heroism           |       |       |       |     1 |       |     3 ||     4
       Duel              |       |       |       |       |       |     1 ||     1
Evoke: Wand              |       |       |       |     4 |     1 |     2 ||     7
  Use: Potion            |       |       |     2 |     1 |     3 |    14 ||    20
       Scroll            |       |       |       |    23 |     7 |     7 ||    37
 Stab: Distracted        |     1 |       |       |       |     1 |       ||     2
       Sleeping          |       |     1 |     1 |     1 |     6 |    12 ||    21
       Held in net/web   |       |       |       |     2 |       |       ||     2
       Petrified         |       |       |       |       |     3 |       ||     3
       Invisible         |       |       |       |       |     2 |       ||     2
Armor: Leather armour    |    37 |    37 |   121 |    24 |       |       ||   219
       Acid dragon scale |       |       |       |   177 |    22 |       ||   199
       Scale mail        |       |       |       |       |   444 |   547 ||   991
Dodge: Dodged            |    79 |    71 |   213 |   382 |   775 |   812 ||  2332

Table legend: (Time is in decaauts)
 A = Elapsed time spent in this place.
 B = Non-inter-level travel time spent in this place.
 C = Inter-level travel time spent in this place.
 D = Time resting spent in this place.
 E = Time spent auto-exploring this place.
 F = Levels seen in this place.
 G = Mean time per level.
                   A        B        C        D        E       F      G
               +--------+--------+--------+--------+--------+-----+--------+
         Total |  36667 |  35112 |   1555 |   7574 |  21340 |  29 | 1264.4 |
       Dungeon |  20346 |  19391 |    955 |   3661 |  12778 |  15 | 1356.4 |
        Temple |    169 |    151 |     18 |      0 |    119 |   1 |  169.0 |
          Lair |   9232 |   8851 |    381 |   1747 |   5750 |   5 | 1846.4 |
   Spider Nest |   2057 |   2002 |     55 |    446 |   1025 |   2 | 1028.5 |
  Orcish Mines |   2551 |   2406 |    145 |    989 |    848 |   2 | 1275.5 |
      Ice Cave |     39 |     39 |      0 |      0 |      6 |   1 |   39.0 |
       Volcano |   1302 |   1302 |      0 |    109 |    814 |   1 | 1302.0 |
      Gauntlet |    933 |    933 |      0 |    613 |      0 |   1 |  933.0 |
         Arena |     33 |     33 |      0 |      8 |      0 |   1 |   33.0 |
               +--------+--------+--------+--------+--------+-----+--------+

Top non-repeatable levels by time:
  Lair:3: 2473 daAuts
  Lair:5: 2360 daAuts
    D:14: 2082 daAuts
     D:5: 2064 daAuts
    D:13: 1745 daAuts
  Lair:4: 1602 daAuts
Spider:1: 1490 daAuts
   Orc:1: 1476 daAuts
     D:6: 1469 daAuts
  Lair:2: 1443 daAuts
     D:1: 1441 daAuts
    D:11: 1377 daAuts
  Lair:1: 1353 daAuts
    D:15: 1351 daAuts
 Volcano: 1302 daAuts
